AoeStats
← jhonskull87

MegaRandom

508236605Analyzed
3v3 RM · 12d ago on Sep 21, 2026· 15m 36s· 6 players
Game mode
Random Map
Map size
Normal (6 player)
Population
200
Speed
Normal
Resources
Standard
Victory
Conquest
Starting age
Dark Age
Ending age
Imperial Age
RankedLock teamsTeams togetherTeam positionsShared explorationLock speedFull tech treeHidden civsTurbo modeCheats
Victory
Defeat
🇦🇷 Wu · Argentina
827
+12
🇩🇪 Franks · Germany
685
+18
🇲🇽 Persians · Mexico
660
+20
🇩🇰 Wei · Denmark
767
-18
🇮🇩 Hindustanis · Indonesia
740
-17
🇨🇳 Persians · China
706
-15
Gobbor
3:37 Loom
Miyu.
13:07 Feudal Age
13:23 Loom
14:43 Man-at-Arms
Xiiinbb
Artemis0880
5:12 Loom
16:45 Feudal Age
jhonskull87
AlandorH
4:23 Loom
8:59 Loom
13:17 Feudal Age
13:46 Double-Bit Axe
Connection lost

Rejoining the realm…

Still unreachable

The connection could not be restored.

Session expired

The server has moved on; the page needs a fresh start.